 Dungeon Crawl Stone Soup version 0.28-a0-563-gf77a47075d (webtiles) character file.

Game seed: 14929621530769965847

576 freelancePsychic the Skirmisher (level 7, -14/58 HPs)
             Began as a Formicid Hunter on Sept 29, 2021.
             Was an Initiate of Ru.
             Killed from afar by an acid dragon (27 damage)
             ... with a splash of acid
             ... on level 9 of the Dungeon.
             The game lasted 00:10:09 (3831 turns).

freelancePsychic the Skirmisher (Formicid Hunter)   Turns: 3831, Time: 00:10:11

Health: -14/58     AC:  5    Str: 21    XL:     7   Next: 62%
Magic:  6/6        EV:  8    Int: 11    God:    Ru [......]
Gold:   166        SH:  4    Dex: 12    Spells: 6/6 levels left

rFire   . . .      SeeInvis +   a - +1 hunting sling
rCold   . . .      Faith    .   f - +0 buckler
rNeg    . . .      Spirit   .   p - +0 chain mail
rPois   .          Reflect  .   (helmet unavailable)
rElec   .          Harm     .   (no cloak)
rCorr   .          Rampage  .   (no gloves)
Will    .....                   (no boots)
Stlth   ..........              (no amulet)
HPRegen 0.19/turn               (no ring)
MPRegen 0.10/turn               (no ring)

@: corroded
A: permanent stasis, dig shafts and tunnels, antennae 3, four strong arms,
camouflage 1, low mp 1, strong 2
a: Dig, Shaft Self, Renounce Religion


You were on level 9 of the Dungeon.
You worshipped Ru.
Ru was noncommittal.
You visited 1 branch of the dungeon, and saw 6 of its levels.

You collected 166 gold pieces.

Inventory:

Hand Weapons
 a - a +1 hunting sling (weapon)
 b - a +0 short sword
Missiles
 d - 5 sling bullets (quivered ammo)
 h - 164 stones
Armour
 f - a +0 buckler (worn)
 p - a +0 chain mail (worn)
Jewellery
 g - a ring of fire
Scrolls
 e - a scroll of magic mapping
 i - a scroll of vulnerability
 k - 3 scrolls of identify {@r1}
Potions
 l - 2 potions of attraction


   Skills:
 + Level 6.0 Fighting
 - Level 5.0 Slings
 + Level 4.9 Armour
 - Level 1.7 Dodging
 - Level 1.2 Stealth
 - Level 2.4 Shields


You had 6 spell levels left.
You didn't know any spells.
Your spell library contained the following spells:

 Spells                   Type           Power      Damage    Failure   Level
 Magic Dart               Conj           0%         1d3       97%         1
 Call Imp                 Summ           0%         N/A       99%         2
 Lesser Beckoning         Tloc           0%         N/A       100%        3
 Mephitic Cloud           Conj/Pois/Air  0%         N/A       100%        3
 Manifold Assault         Tloc           0%         N/A       100%        5
 Blink                    Tloc           Unusable   N/A       N/A         2

Dungeon Overview and Level Annotations

Branches:
Dungeon (4/15)
 Temple: D:4-7

Altars:
Elyvilon
Fedhas
Kikubaaqudgha
Ru
Trog

Annotations:
D:2 1 runed translucent door, Crazy Yiuf, Sigmund
D:4 Duvessa


Innate Abilities, Weirdness & Mutations

You cannot be hasted, slowed, berserked, paralysed or teleported.
You can dig through walls and to a lower floor.
You have a pair of large antennae on your head. (SInv)
Your four strong arms can wield two-handed weapons with a shield.
Your skin changes colour to match your surroundings (Stealth+).
Your magical capacity is low. (-10% MP)
Your muscles are very strong. (Str +4)


Message History

A shaft appears beneath you!
You fall into a shaft and drop 3 floors!
The shaft crumbles and collapses.
The orc shouts!
Found a stone staircase leading down.
An orc priest comes into view. It is wielding a +0 dagger.
An orc warrior comes into view.
It is wielding a +2 glaive of protection.
The orc warrior shouts!
The orc priest shouts!
You hear a shout!
The orc priest begins to cast a cantrip, but forgets the words!
An acid dragon comes into view.
Found 11 gold pieces.
The acid dragon roars!
You hear a shout! x4
The acid dragon spits acid at you. The splash of acid hits you!!
* * * LOW HITPOINT WARNING * * *
The acid corrodes you!
You hear a shout!
Found a ring mail.
Fire: 8 sling bullets
Press: ? - help, Q - select action, (/) - cycle Shift-Dir - straight line, f - acid dragon
Aim: an acid dragon (63% to hit)
You shoot a sling bullet.
The sling bullet hits the acid dragon but does no damage.
Fire: 7 sling bullets
Press: ? - help, Q - select action, (/) - cycle Shift-Dir - straight line, f/p - acid dragon
Aim: an acid dragon (63% to hit)
You shoot a sling bullet.
The sling bullet hits the acid dragon but does no damage.
You block the acid dragon's attack.
The acid dragon claws you but does no damage.
Fire: 6 sling bullets
Press: ? - help, Q - select action, (/) - cycle Shift-Dir - straight line, f/p - acid dragon
Aim: an acid dragon (64% to hit)
You shoot a sling bullet.
The sling bullet barely misses the acid dragon.
The sling bullet hits the orc warrior!
The orc warrior is moderately wounded.
The acid dragon spits acid at you. The splash of acid hits you!!
You die...

#[# #.# #.# #.#
#.# #.# #.# #@#
#D# #(####...
..#####........
..{.{...#####..
$......o#
.######(# #o#
#.#


You could see an orc warrior, an acid dragon (catching breath) and an orc.

Vanquished Creatures
  Grinder (D:4)
  Dowan (D:4)
  A jelly (D:4)
  2 orc priests (D:4)
  Jessica (D:2)
  An iguana (D:3)
  Natasha (D:2)
  A hound skeleton (D:4)
  6 adders
  2 worms
  4 dart slugs
  4 orcs
  8 endoplasms
  4 giant cockroaches
  4 hobgoblins
  7 jackals
  14 kobolds
  2 quokkas
  6 ball pythons
  3 bats
  4 frilled lizards
  9 goblins
  A jackal skeleton (D:4)
  7 rats
94 creatures vanquished.

Notes
Turn   | Place    | Note
-------+----------+-------------------------------------------
     0 | D:1      | freelancePsychic the Formicid Hunter began the quest for
                  | the Orb.
     0 | D:1      | Reached XP level 1. HP: 16/16 MP: 1/1
    56 | D:1      | Reached XP level 2. HP: 23/23 MP: 2/2
   369 | D:1      | Reached skill level 3 in Fighting
   375 | D:1      | Reached XP level 3. HP: 29/29 MP: 3/3
   709 | D:2      | Reached skill level 5 in Slings
   781 | D:2      | Noticed Jessica
   788 | D:2      | Killed Jessica
   789 | D:2      | Reached skill level 1 in Armour
   789 | D:2      | Reached XP level 4. HP: 35/35 MP: 4/4
   971 | D:2      | Noticed Natasha
   976 | D:2      | Killed Natasha
   977 | D:2      | Reached skill level 4 in Fighting
   977 | D:2      | Reached XP level 5. HP: 42/42 MP: 5/5
   992 | D:2      | Found a runed translucent door.
   993 | D:2      | Noticed Crazy Yiuf
  1152 | D:2      | Found a white marble altar of Elyvilon.
  1705 | D:2      | Noticed Sigmund
  1707 | D:2      | Gained mutation: Your spells are a little harder to cast,
                  | but a little more powerful. [potion of mutation]
  2012 | D:3      | Found a blossoming altar of Fedhas.
  2013 | D:3      | Found an ancient bone altar of Kikubaaqudgha.
  2212 | D:3      | Reached skill level 1 in Shields
  2236 | D:3      | Reached XP level 6. HP: 49/49 MP: 6/6
  2270 | D:3      | Found a faded altar of an unknown god.
  2670 | D:3      | HP: 2/50 [poisoned by an orc]
  3054 | D:4      | Reached skill level 5 in Fighting
  3230 | D:4      | Noticed Grinder
  3267 | D:4      | Killed Grinder
  3268 | D:4      | Reached XP level 7. HP: 30/57 MP: 7/7
  3592 | D:4      | Noticed Dowan
  3611 | D:4      | Killed Dowan
  3612 | D:4      | Reached skill level 6 in Fighting
  3687 | D:4      | Found a sacrificial altar of Ru.
  3695 | D:4      | Became a worshipper of Ru the Awakened
  3717 | D:4      | Found a bloodstained altar of Trog.
  3777 | D:4      | Noticed Duvessa
  3778 | D:4      | Lost mutation: Your spells are a little harder to cast, but
                  | a little more powerful. [potion of mutation]
  3778 | D:4      | Gained mutation: Your magical capacity is low. (-10% MP)
                  | [potion of mutation]
  3778 | D:4      | Gained mutation: Your skin changes colour to match your
                  | surroundings (Stealth+). [potion of mutation]
  3778 | D:4      | Gained mutation: Your muscles are strong. (Str +2) [potion
                  | of mutation]
  3778 | D:4      | Gained mutation: Your muscles are very strong. (Str +4)
                  | [potion of mutation]
  3781 | D:4      | You fall into a shaft and drop 2 floors!
  3781 | D:6      | Noticed a water moccasin
  3810 | D:6      | You fall into a shaft and drop 3 floors!
  3822 | D:9      | Noticed an acid dragon
  3831 | D:9      | Killed from afar by an acid dragon

Illustrated notes

Levels and vault maps discovered:
D:1:      erik_arrival_triangle_large, layout_loops_ring
D:2:      layout_basic, basic_altar, uniq_sigmund, uniq_crazy_yiuf_cottage,
          uniq_natasha, uniq_jessica
D:3:      layout_basic, mainiacjoe_overflow_tiny_flanked,
          mainiacjoe_overflow_small_starburst, ebering_ecumenical_altar_webs
D:4:      layout_cave_pools, mainiacjoe_overflow_two_lobes, uniq_duvessa,
          uniq_grinder
D:6:      minmay_diamond_boxcup, layout_rooms, nicolae_uskayaw_dance_hall,
          serial_undead, serial_undead_f, serial_undead_c, serial_undead_a,
          serial_undead_d, serial_undead_a, serial_undead_b, serial_undead_c,
          serial_undead_f, serial_shops, nicolae_shop_stone
D:9:      layout_long_grid, orc_0_dummy, uniq_grum

Skill      XL: |  1  2  3  4  5  6  7 |
---------------+----------------------+-----
Fighting       | 3 4 5 6 |  6.0
Slings         | 5 |  5.0
Armour         | 1 2 3 4 |  4.9
Shields        | 1 2 |  2.4
Dodging        | |  1.7
Stealth        | |  1.2

Action                   |  1- 3 |  4- 6 |  7- 9 || total
-------------------------+-------+-------+-------++-------
 Fire: Hunting sling     |    65 |   216 |    41 ||   322
 Abil: Dig               |       |     2 |       ||     2
       Shaft Self        |       |       |     2 ||     2
  Use: Scroll            |     2 |     4 |       ||     6
       Potion            |       |     3 |     1 ||     4
Armor: Leather armour    |     2 |     7 |       ||     9
       Scale mail        |       |     4 |       ||     4
       Chain mail        |       |    13 |     6 ||    19
Dodge: Dodged            |     3 |    29 |     6 ||    38
Block: Buckler           |       |     7 |     4 ||    11

Table legend: (Time is in decaauts)
 A = Elapsed time spent in this place.
 B = Non-inter-level travel time spent in this place.
 C = Inter-level travel time spent in this place.
 D = Time resting spent in this place.
 E = Time spent auto-exploring this place.
 F = Levels seen in this place.
 G = Mean time per level.
                   A        B        C        D        E       F      G
               +--------+--------+--------+--------+--------+-----+--------+
         Total |   3821 |   3716 |    105 |    313 |   2583 |   6 |  636.8 |
       Dungeon |   3821 |   3716 |    105 |    313 |   2583 |   6 |  636.8 |
               +--------+--------+--------+--------+--------+-----+--------+

Top non-repeatable levels by time:
     D:2: 1161 daAuts
     D:3: 1063 daAuts
     D:4: 843 daAuts
     D:1: 703 daAuts
     D:6: 28 daAuts
     D:9: 20 daAuts
